Map: Turbo Cruise '84 LE

Players

Mesrob

  • Race: Terran Terran
  • League: Platinum
  • Spawn Location: 7:00

LeonK - Winner!

  • Race: Terran Terran
  • League: Gold
  • Spawn Location: 3:00

VOD

Have the link to the VOD?

Description

Time

  • Played on: July 10, 2019, 2:53 p.m.
  • Length: 19:13
Show
View Real Time Build Order
Export as new Build Order

Mesrob Terran 

Build Orders: Mech 

Get SALT Encoding   

  12  0:00  SCV  
  13  0:12  SCV  
  14  0:17  Supply Depot  
  14  0:25  SCV  
  15  0:39  SCV  
  15  0:40  Barracks  
  16  0:53  Refinery  
  16  1:10  SCV  
  17  1:31  Marine  
  17  1:47  Command Center  
  17  2:00  Refinery  
  17  2:15  Factory  
  16  2:20  Supply Depot  
  16  2:25  Barracks Tech Lab  
  16  2:31  Orbital Command  
  16  3:01  Bunker  
  16  3:05  Supply Depot  
  16  3:06  Siege Tank  
  19  3:28  Refinery  
  18  3:38  SCV  
  17  3:47  Marine  
  18  3:50  SCV  
  18  3:55  Orbital Command  
  19  4:02  SCV  
  19  4:04  Siege Tank  
  23  4:13  Supply Depot  
  23  4:15  SCV  
  24  4:20  SCV  
  25  4:28  SCV  
  26  4:32  SCV  
  27  4:39  Engineering Bay  
  27  4:40  SCV  
  28  4:50  Refinery  
  28  4:52  SCV  
  29  5:04  SCV  
  29  5:06  Armory  
  30  5:08  Missile Turret  
  30  5:11  Missile Turret  
  30  5:14  Siege Tank  
  33  5:25  Factory  
  33  5:27  SCV  
  34  5:39  Factory  
  34  5:46  Siege Tank  
  34  5:48  SCV x2  
  39  6:00  Supply Depot  
  39  6:09  SCV  
  39  6:10  SCV  
  41  6:16  Terran Vehicle Weapons Level 1  
  41  6:18  Factory Reactor  
  41  6:24  Missile Turret  
  41  6:34  Factory Tech Lab  
  41  6:37  Command Center  
  41  6:41  Marine  
  41  6:45  Missile Turret  
  42  6:56  Thor  
  48  7:02  SCV x2  
  50  7:14  SCV  
  50  7:15  SCV  
  52  7:26  Thor  
  52  7:28  Hellbat  
  62  7:30  Hellbat  
  54  8:32  Thor  
  54  8:34  Hellbat x2  
  64  8:54  Sensor Tower  
  63  9:14  Terran Vehicle And Ship Armor Level 1  
  63  9:25  Thor  
  69  10:19  Supply Depot  
  69  10:24  Supply Depot  
  68  10:40  Thor x2  
  77  11:24  Thor  
  83  11:28  Hellion  
  83  11:31  Supply Depot  
  85  11:35  Supply Depot  
  85  11:51  Refinery  
  85  11:53  Hellbat, Thor  
  93  11:56  Supply Depot, SCV x2  
  95  12:01  Supply Depot  
  95  12:08  SCV x2  
  95  12:13  SCV  
  98  12:24  Supply Depot  
  98  12:41  Planetary Fortress  
  98  12:49  Thor  
  98  12:50  Thor  
  110  12:52  Hellbat x2  
  114  13:03  SCV x2  
  116  13:10  Refinery  
  116  13:15  SCV  
  116  13:46  Thor  
  124  13:48  Hellbat  
  124  13:54  Supply Depot  
  124  13:55  Supply Depot  
  124  14:08  Terran Vehicle Weapons Level 2  
  124  14:14  Armory  
  126  14:17  Hellbat  
  126  14:18  Supply Depot  
  126  14:19  Supply Depot  
  126  14:40  Hellbat, Thor  
  126  14:41  Hellbat, Thor  
  126  14:42  Supply Depot  
  142  14:48  Supply Depot  
  142  14:49  Hellion  
  142  15:06  Supply Depot  
  142  15:07  Hellbat  
  142  15:11  Supply Depot  
  144  15:22  Thor  
  150  15:34  Supply Depot  
  148  15:46  Thor  
  154  15:56  Supply Depot  
  154  16:04  Hellbat x2  
  154  16:05  Thor  
  57  16:54  Thor x2  
  57  16:56  Hellbat x2  
  60  17:59  Thor  
  60  18:12  Thor x2  
  72  18:14  Hellbat x2  
  76  18:27  Command Center  
Show
View Real Time Build Order
Export as new Build Order

LeonK Terran - Winner!

Build Orders:  

Get SALT Encoding   

  12  0:13  SCV  
  12  0:14  Refinery  
  13  0:21  Supply Depot  
  13  0:25  SCV  
  14  0:38  SCV  
  15  0:47  Barracks  
  15  0:51  SCV  
  16  1:03  SCV  
  17  1:15  SCV  
  18  1:35  Supply Depot, Barracks Reactor  
  18  1:36  SCV  
  19  1:44  Refinery  
  19  1:48  SCV  
  20  1:59  Factory  
  20  2:13  SCV  
  20  2:15  Reaper  
  22  2:20  Reaper  
  23  2:25  SCV  
  24  2:35  Command Center  
  24  2:37  SCV  
  25  2:45  Supply Depot  
  25  2:50  Factory Tech Lab  
  25  2:54  SCV  
  26  3:00  Marine x2  
  28  3:10  Orbital Command  
  28  3:48  Siege Tank  
  31  3:57  SCV  
  31  3:58  Factory, Barracks Tech Lab  
  31  3:59  Orbital Command  
  32  4:05  Refinery  
  32  4:09  SCV  
  33  4:20  Siege Tank  
  33  4:21  SCV  
  37  4:26  SCV  
  37  4:27  Barracks Reactor  
  38  4:33  SCV  
  38  4:38  SCV  
  40  4:42  Widow Mine x2  
  40  4:44  Starport  
  44  4:50  SCV  
  44  4:52  SCV, Cyclone  
  49  5:02  SCV  
  49  5:03  Widow Mine  
  49  5:04  Widow Mine  
  49  5:06  Infernal Pre-Igniter  
  54  5:26  Supply Depot  
  54  5:32  Refinery  
  54  5:47  Marine x2, Hellion, Siege Tank, SCV  
  54  5:49  Supply Depot  
  62  6:10  Marine x2, Medivac, Supply Depot, Hellion, SCV x2  
  70  6:32  Marine x2, Hellion x2, SCV x2  
  78  6:33  Supply Depot  
  78  6:55  Medivac, Siege Tank, SCV x2  
  78  6:57  Supply Depot  
  85  7:02  Marine  
  86  7:18  Marine, Hellion x2, SCV x2  
  86  7:19  Supply Depot  
  86  7:20  Marine  
  92  7:30  SCV  
  92  7:36  Marine  
  90  7:38  Marine  
  90  7:40  Hellion  
  90  7:41  Hellion  
  90  7:42  SCV  
  93  7:53  Marine  
  93  7:56  Marine  
  93  8:02  Siege Tank  
  96  8:07  Hellion x2  
  96  8:10  Medivac  
  102  8:21  Marine x2, Supply Depot  
  97  8:28  Hellion x2  
  101  8:39  Marine  
  102  8:42  Marine, Medivac, Siege Tank  
  102  8:44  Command Center  
  102  8:45  Supply Depot  
  108  8:50  Hellion  
  108  8:55  Liberator  
  110  8:57  Marine, Hellion  
  110  9:06  Marine  
  111  9:11  Hellion  
  111  9:14  Marine  
  117  9:20  Supply Depot  
  117  9:24  Marine  
  82  9:38  Liberator  
  118  9:41  Marine  
  118  9:42  Hellion x2, Siege Tank  
  118  9:43  Supply Depot  
  126  9:55  Marine  
  126  9:58  Refinery  
  126  9:59  Marine  
  131  10:03  Hellion x2  
  132  10:07  Supply Depot  
  132  10:13  Marine  
  136  10:14  Siege Tank  
  136  10:17  Marine  
  136  10:21  Liberator  
  137  10:22  Orbital Command  
  137  10:25  Hellion x2  
  141  10:30  Supply Depot  
  141  10:31  Marine  
  141  10:35  Marine  
  143  10:46  Hellion x2, Siege Tank  
  143  10:49  Marine  
  151  10:53  Marine  
  151  10:55  Supply Depot  
  152  11:06  Marine  
  152  11:08  Hellion x2  
  152  11:10  Engineering Bay  
  152  11:11  Marine, Engineering Bay  
  158  11:15  Armory  
  158  11:18  Supply Depot, Siege Tank  
  161  11:21  Raven  
  163  11:36  Armory  
  163  11:40  SCV  
  163  11:46  Supply Depot  
  164  11:48  Terran Infantry Weapons Level 1, Terran Infantry Armor Level 1  
  164  11:49  Marine x2  
  164  11:52  SCV  
  167  12:01  Barracks  
  167  12:04  SCV  
  167  12:07  Marine x2  
  170  12:09  Supply Depot  
  170  12:15  Command Center  
  170  12:16  SCV  
  170  12:17  Refinery x2  
  171  12:25  Marine x2  
  171  12:29  SCV  
  174  12:31  Supply Depot  
  174  12:34  Liberator  
  174  12:43  Marine x2  
  176  12:49  Terran Vehicle Weapons Level 1  
  176  12:50  Terran Vehicle And Ship Armor Level 1  
  176  12:52  Factory  
  176  12:54  Supply Depot, Command Center, Thor  
  176  12:57  Hellion x2  
  189  13:12  Barracks Tech Lab  
  189  13:17  Liberator  
  179  13:28  Ghost Academy  
  175  13:37  Thor  
  180  13:45  Hellion x2  
  180  13:48  Combat Shield  
  180  13:51  Terran Infantry Weapons Level 2  
  180  13:52  Terran Infantry Armor Level 2  
  174  13:58  Ghost Academy  
  174  14:06  Hellion  
  174  14:07  Hellion, Refinery  
  175  14:17  Raven  
  175  14:23  Thor  
  183  14:24  Factory Reactor  
  183  14:27  Factory Tech Lab  
  183  14:28  Hellion x2  
  183  14:30  Ghost Academy  
  187  14:36  Starport, Personal Cloaking  
  187  14:38  Nuke  
  187  14:42  Ghost  
  189  14:51  Planetary Fortress  
  189  15:00  Ghost Academy  
  189  15:07  Concussive Shells  
  189  15:11  Ghost  
  189  15:13  Planetary Fortress  
  191  15:25  Starport Reactor  
  191  15:33  Refinery  
  191  15:39  Ghost, Terran Vehicle Weapons Level 2  
  191  15:40  Terran Vehicle And Ship Armor Level 2  
  193  15:48  Nuke  
  193  15:49  Nuke  
  193  16:01  Nuke  
  193  16:08  Ghost  
  193  16:28  Liberator x2  
  155  16:35  Marine x2  
  155  16:36  Ghost  
  155  16:38  Thor x2  
  139  16:41  Hellion x2  
  137  16:48  Raven  
  137  16:53  Marine x2  
  134  17:03  Hellion x2  
  138  17:11  Marine x2  
  138  17:21  Thor x2  
  148  17:24  Hellion x2  
  148  17:27  Nuke  
  148  17:28  Medivac x2, Nuke  
  148  17:29  Marine x2  
  158  17:30  Nuke  
  158  17:31  Raven  
  158  17:46  Hellion x2  
  160  18:13  Thor  
  160  18:14  Raven, Thor  
  160  18:16  Ghost  
  149  19:12  Command Center  
Tags
 
Composition
Mech
Matchup
TvT
Race
Terran
Replay Pack
sc2 replays
Spawn Locations
Cross Positions
Add a new tag
Caveats
  • Supply blocks, unpowered buildings, or Contaminate may cause inaccurate times.
  • Supply counts are checked every 10 seconds.